 Dungeon Crawl Stone Soup version 0.17-a0-2014-g32cd421 (webtiles) character file.

653 Shim the Ducker (level 7, -6/52 HPs)
             Began as a Human Gladiator on Oct 9, 2015.
             Mangled by Edmund
             ... wielding a +4 dire flail of draining
              (11 damage)
             ... on level 4 of the Dungeon.
             The game lasted 00:25:08 (5023 turns).

Shim the Ducker (Human Gladiator)                   Turns: 5023, Time: 00:25:08

Health: -6/52      AC:  6    Str: 15    XL:     7   Next: 84%
Magic:  7/7        EV: 13    Int:  8    God:
Gold:   171        SH:  0    Dex: 16    Spells: 0 memorised, 6 levels left

rFire  . . .     SeeInvis .     a - +0 trident
rCold  . . .     Clarity  .     b - +0 leather armour
rNeg   . . .     SustAt   .     (no shield)
rPois  .         Gourm    +     u - +0 helmet
rElec  .         Spirit   .     y - +0 cloak
rCorr  .         Warding  .     (no gloves)
rMut   .         Stasis   .     h - +0 pair of boots
MR     .....                    n - amulet of the gourmand
Stlth  ++........               (no ring)
                                (no ring)

@: heavily drained, not resistant to hostile enchantments, unstealthy
A: no striking features
a: no special abilities


You were on level 4 of the Dungeon.
You were completely stuffed.

You visited 1 branch of the dungeon, and saw 4 of its levels.

You collected 171 gold pieces.

Inventory:

Hand Weapons
 a - a +0 trident (weapon)
 j - a +1 dagger of holy wrath
 z - a +2 mace of venom
 E - a +0 hand crossbow
 H - a +0 battleaxe
 J - a +1 dagger of venom
Missiles
 K - a tomahawk (quivered)
Armour
 b - a +0 leather armour (worn)
 c - a +0 helmet
 g - a +0 plate armour
 h - a +0 pair of boots (worn)
 q - a +0 helmet
 r - a +0 ring mail
 u - a +0 helmet (worn)
 y - a +0 cloak (worn)
 G - a -1 ring mail
Jewellery
 n - an amulet of the gourmand (around neck)
Scrolls
 k - a scroll of enchant weapon {unknown}
 m - 2 scrolls of identify
 p - 2 scrolls of enchant armour
 s - a scroll of remove curse
 D - a scroll of amnesia
Potions
 d - a potion of berserk rage {unknown}
 f - a potion of curing
 l - 4 potions of haste {unknown}
 t - 2 potions of cancellation {unknown}
 v - 2 potions of mutation {unknown}
 w - a potion of magic {unknown}
 x - 3 potions of poison {unknown}
 C - a potion of lignification {unknown}
Comestibles
 e - 2 bread rations
 i - 2 beef jerkies
 A - 2 slices of pizza
 F - 5 fruits


   Skills:
 + Level 3.4(1.8) Fighting
 + Level 4.7(3.1) Polearms
 + Level 2.4(0.8) Throwing
 + Level 2.6(1.1) Armour
 + Level 5.1(3.5) Dodging
 * Level 3.4(1.9) Stealth


You had 6 spell levels left.
You didn't know any spells.

Dungeon Overview and Level Annotations

Branches:
Dungeon (4/15)
 Temple: D:4-7

Altars:
Makhleb
Vehumet

Annotations:
D:4 Edmund


Message History

* * * LOW HITPOINT WARNING * * *
You feel drained.
Drink which item? (? for menu, Esc to quit)
You feel much better.
Edmund hits you with a dire flail of draining!
You feel drained.
* * * LOW HITPOINT WARNING * * *
Read which item? (? for menu, Esc to quit)
As you read the scroll labeled EVAYCY QINIK, it crumbles to dust.
It is a scroll of identify.
Identify which item? (\ to view known items) (? for menu, Esc to quit)
p - 2 scrolls of enchant armour Edmund hits you with a dire flail of draining!
* * * LOW HITPOINT WARNING * * *
You feel drained.
Read which item? (? for menu, Esc to quit)
As you read the scroll labeled WYK LASKUTS, it crumbles to dust.
The scroll dissolves into smoke.
It was a scroll of fog.
Edmund hits you with a dire flail of draining!
You die...

#.## ##...# #. #.##
##.##.# #.
#..###.###(# #.
#§#.#.####§## #.
#§##@####...######.
#§##.#....@........
#§##.#.##...#######
##@##.#.###.###...
#§.@§.............#
##§§§.......###...#
############ ##


You could see Edmund.

Vanquished Creatures
  Eustachio (D:4)
  Duvessa (D:4)
  Blork the orc (D:4)
  Dowan (D:4)
  Crazy Yiuf (D:2)
  Ijyb (D:2)
  An orc wizard (D:4)
  A hound (D:3)
  Robin (D:2)
  4 adders
  An adder skeleton (D:4)
  3 worms
  6 giant geckos
  12 orcs
  A ball python (D:3)
  2 giant cockroaches
  18 goblins
  14 hobgoblins
  9 kobolds
  11 bats
  2 giant newts (D:2)
  5 quokkas
  12 rats
109 creatures vanquished.

Notes
Turn   | Place    | Note
--------------------------------------------------------------
     0 | D:1      | Shim the Human Gladiator began the quest for the Orb.
     0 | D:1      | Reached XP level 1. HP: 16/16 MP: 1/1
   217 | D:1      | Reached XP level 2. HP: 20/22 MP: 2/2
   451 | D:2      | Noticed Ijyb
   482 | D:2      | Killed Ijyb
   482 | D:2      | Reached skill level 1 in Armour
   482 | D:2      | Reached XP level 3. HP: 24/27 MP: 3/3
  1077 | D:1      | Reached XP level 4. HP: 33/33 MP: 4/4
  2033 | D:2      | Reached XP level 5. HP: 39/39 MP: 5/5
  2097 | D:2      | Noticed Robin
  2184 | D:2      | Killed Robin
  2184 | D:2      | Reached skill level 4 in Dodging
  2381 | D:2      | Found a burning altar of Makhleb.
  2381 | D:2      | Found a radiant altar of Vehumet.
  2568 | D:2      | Noticed Crazy Yiuf
  2586 | D:2      | Killed Crazy Yiuf
  2663 | D:2      | Reached skill level 1 in Stealth
  2806 | D:3      | Reached XP level 6. HP: 29/46 MP: 6/6
  3942 | D:4      | Noticed Duvessa
  3942 | D:4      | Noticed Dowan
  3963 | D:4      | Killed Duvessa
  4219 | D:4      | Killed Dowan
  4219 | D:4      | Reached XP level 7. HP: 27/52 MP: 7/7
  4563 | D:4      | Noticed Blork the orc
  4598 | D:4      | HP: 2/52 [something (9)]
  4602 | D:4      | Killed Blork the orc
  4926 | D:4      | Noticed Eustachio
  4972 | D:4      | Noticed Edmund
  4997 | D:4      | HP: 2/52 [shadow imp/nerve-wracking pain[Eustachio] (11)]
  5008 | D:4      | Killed Eustachio
  5008 | D:4      | Reached skill level 5 in Dodging
  5023 | D:4      | Mangled by Edmund

Vault maps used:
D:1:      dpeg_arrival_fog
D:2:      gammafunk_temple_overflow_wave, uniq_robin, uniq_iyjb,
          uniq_crazy_yiuf_cottage
D:3:      kennysheep_decorative_pillar
D:4:      cheibriados_altar_1, uniq_blork_the_orc, uniq_duvessa, uniq_edmund,
          uniq_eustachio

Action                   |  1- 3 |  4- 6 |  7- 9 || total
-------------------------+-------+-------+-------++-------
Melee: Trident           |    83 |   329 |    99 ||   511
       Mace              |       |    17 |       ||    17
       Dagger            |       |     2 |       ||     2
Throw: Throwing net      |     4 |     5 |     3 ||    12
       Tomahawk          |       |       |     2 ||     2
  Use: Scroll            |     2 |     2 |     2 ||     6
       Potion            |       |       |     4 ||     4
 Stab: Sleeping          |       |     7 |       ||     7
       Held in net/web   |       |     1 |       ||     1
  Eat: Chunk             |       |    21 |     4 ||    25
